 Dungeon Crawl Stone Soup version 0.18-a0-1773-gec4f98e (webtiles) character file.

14 M4edhros the Grave Robber (level 2, -2/17 HPs)
             Began as an Octopode Necromancer on Apr 14, 2016.
             Slain by an adder (4 damage)
             ... on level 2 of the Dungeon.
             The game lasted 00:03:20 (581 turns).

M4edhros the Grave Robber (Octopode Necromancer)     Turns: 581, Time: 00:03:21

Health: -2/17      AC:  1    Str:  7    XL:     2   Next: 45%
Magic:  0/5        EV: 12    Int: 17    God:
Gold:   56         SH:  0    Dex: 12    Spells: 1 memorised, 4 levels left

rFire  . . .     SeeInvis .     d - +0 spear
rCold  . . .     Gourm    .     (no shield)
rNeg   . . .     Faith    .     (helmet restricted)
rPois  .         Spirit   .     (no amulet)
rElec  .         Dismiss  .     l - ring of loudness (curse)
rCorr  .         Reflect  .     m - ring of flight
SustAt .         Harm     .     (no ring)
MR     .....                    (no ring)
Stlth  ++........               (no ring)
                                (no ring)
                                (no ring)
                                (no ring)

@: lethally poisoned (-2 -> -10), not resistant to hostile enchantments,
unstealthy
A: almost no armour, amphibious, 8 rings, constrict 8, camouflage 1, gelatinous
body 1
a: Evoke Flight


You were on level 2 of the Dungeon.
You were not hungry.

You visited 1 branch of the dungeon, and saw 2 of its levels.

You collected 56 gold pieces.

Inventory:

Hand Weapons
 d - a +0 spear (weapon)
Missiles
 e - 66 stones (quivered)
 i - 12 poisoned needles
Jewellery
 l - a cursed ring of loudness (left tentacle)
 m - a ring of flight (right tentacle)
Scrolls
 c - a scroll of immolation
 g - a scroll of teleportation
Books
 a - a book of Necromancy

   Spells                             Type                      Level
   a - Pain                           Necromancy                   1
   b - Animate Skeleton               Necromancy                   1
   c - Vampiric Draining              Necromancy                   3
   d - Regeneration                   Charms/Necromancy            3
   e - Animate Dead                   Necromancy                   4
   f - Control Undead                 Necromancy                   4
Comestibles
 b - 2 bread rations
 j - a royal jelly


   Skills:
 + Level 2.0 Dodging
 + Level 2.9 Stealth
 + Level 2.2 Spellcasting
 + Level 4.3 Necromancy


You had 4 spell levels left.
You knew the following spells:

 Your Spells              Type           Power        Failure   Level  Hunger
a - Pain                  Necr           ###.         3%          1    #......


Dungeon Overview and Level Annotations

Branches:
Dungeon (2/15)

Altars:


Innate Abilities, Weirdness & Mutations

You cannot wear most types of armour.
You are amphibious.
You can wear up to eight rings at the same time.
You can use your tentacles to constrict eight enemies at once.
Your skin changes colour to match your surroundings (Stealth).
Your rubbery body absorbs attacks (AC +1).


Message History

The adder convulses in agony!
You feel sick. The adder bites you. The adder barely misses you.
Casting: Pain
Confirm with . or Enter, or press ? or * to list all spells.
Aiming: Pain
Press: ? - help, Shift-Dir - straight line, f/p - adder
Aim: an adder (heavily wounded, chance to defeat MR: 81%)
The adder barely resists.
The adder misses you.
You aren't carrying any potions.
Read which item? (? for menu, Esc to quit)
Okay, then.
Evoke which item? (* to show all) (? for menu, Esc to quit)
Okay, then.
Okay, then.
You miss the adder. You grab the adder.
The adder is heavily wounded.
You constrict the adder.
You feel sick. The adder bites you.
* * * LOW HITPOINT WARNING * * *
The adder bites you.
You die...

######### #.......
##......## #........
#.......# ### ###
#....†..#....
##.#########..##).......
#.#...........##@....##
.............#.S......#
##>########.#.#########
#.# #......# #### . #.#
#.###### #...#.⌠
#.#####.# ##.#.#.#
##.......# ###.⌠.#.⌠
...#####.# #.+..#.#Z#
##.# #.####.+.#.⌠.#


You could see an adder.

Vanquished Creatures
  A worm (D:2)
  A dart slug (D:1)
  A giant gecko (D:1)
  A hobgoblin (D:1)
  3 bats
  A giant newt (D:1)
  A goblin (D:2)
  A kobold (D:1)
10 creatures vanquished.

Notes
Turn   | Place    | Note
--------------------------------------------------------------
     0 | D:1      | M4edhros the Octopode Necromancer began the quest for the Orb.
     0 | D:1      | Reached XP level 1. HP: 11/11 MP: 3/3
   254 | D:1      | Reached XP level 2. HP: 11/17 MP: 3/5
   581 | D:2      | Slain by an adder

Vault maps used:
D:1:      co_arrival_square_in_a_square_in_a_square, serial_glass,
          glass_columns_b, glass_columns_b, minmay_shallow_snake_nest
D:2:      kennysheep_vampire_church, st_stairs_1, uniq_iyjb

Action                   || total
-------------------------++-------
Melee: Spear             ||     5
       Constrict         ||     1
 Cast: Pain              ||    17
  Use: Scroll            ||     3
Dodge: Dodged            ||     2
